AoeStats
← Flyingexcavator

Oasis

509185519Analyzed
2v2 RM · 6d ago on Sep 25, 2026· 55m 3s· 4 players
Game mode
Random Map
Map size
Medium (4 player)
Population
200
Speed
Normal
Resources
Standard
Victory
Conquest
Starting age
Dark Age
Ending age
Imperial Age
RankedLock teamsTeams togetherTeam positionsShared explorationLock speedFull tech treeHidden civsTurbo modeCheats
Victory
Defeat
🇨🇭 Magyars · Switzerland
892
+15
🇨🇭 Franks · Switzerland
838
+18
🇨🇳 Magyars · China
886
-17
🇨🇳 Vietnamese · China
863
-16
zwirbelmüüs
11:20 Feudal Age
12:33 Double-Bit Axe
16:36 Forging
22:24 Castle Age
25:06 Husbandry
27:58 Bow Saw
27:46 Gold Mining
29:01 Stone Mining
34:55 Gold Shaft Mining
40:39 Imperial Age
38:13 Murder Holes
40:22 Iron Casting
39:53 Scale Barding Armor
42:24 Masonry
44:05 Ballistics
44:54 Chemistry
45:20 Cavalier
47:24 Fortified Wall
51:48 Pikeman
52:28 Squires
52:41 Paladin
Flyingexcavator
10:15 Feudal Age
20:16 Castle Age
19:05 Scale Barding Armor
19:57 Bloodlines
21:32 Chain Barding Armor
25:36 Wheelbarrow
25:02 Double-Bit Axe
29:56 Corvinian Army
29:53 Fletching
35:11 Imperial Age
33:18 Hand Cart
35:40 Town Watch
35:53 Bodkin Arrow
36:36 Plate Barding Armor
39:18 Thumb Ring
39:39 Parthian Tactics
40:43 Elite Magyar Huszar
43:03 Bracer
43:04 Padded Archer Armor
44:40 Ballistics
45:20 Chemistry
44:43 Recurve Bow
46:04 Heavy Cavalry Archer
Henrik
9:10 Loom
11:17 Feudal Age
11:42 Horse Collar
11:58 Gold Mining
12:01 Stone Mining
16:53 Double-Bit Axe
22:26 Castle Age
23:38 Bow Saw
25:40 Pikeman
26:43 Bloodlines
26:33 Husbandry
31:43 Gold Shaft Mining
32:03 Scale Mail Armor
32:09 Scale Barding Armor
32:32 Husbandry
34:38 Corvinian Army
39:12 Imperial Age
38:32 Wheelbarrow
39:00 Ballistics
38:36 Murder Holes
40:26 Conscription
39:28 Elite Magyar Huszar
39:35 Elite Magyar Huszar
42:28 Chain Barding Armor
42:23 Chain Mail Armor
45:43 Halberdier
47:40 Heavy Plow
48:41 Two-Man Saw
Letty
0:41 Loom
12:28 Feudal Age
19:19 Castle Age
17:53 Horse Collar
18:09 Double-Bit Axe
20:08 Wheelbarrow
22:37 Bow Saw
23:50 Heavy Plow
30:08 Hand Cart
30:19 Gold Mining
30:59 Pikeman
36:43 Imperial Age
34:17 Scale Mail Armor
34:38 Squires
34:53 Town Watch
37:16 Halberdier
39:04 Two-Man Saw
38:38 Paper Money
39:30 Chemistry
42:24 Elite Skirmisher
43:44 Imperial Skirmisher
44:55 Forging
45:02 Chain Mail Armor
46:15 Thumb Ring
Connection lost

Rejoining the realm…

Still unreachable

The connection could not be restored.

Session expired

The server has moved on; the page needs a fresh start.